 Dungeon Crawl Stone Soup version 0.19.5 (webtiles) character file.

133 PerfectAlchemist19 the Changer (level 5, -2/44 HPs)
             Began as a Naga Transmuter on Apr 22, 2017.
             Slain by an adder (5 damage)
             ... on level 2 of the Dungeon.
             The game lasted 00:10:37 (2351 turns).

PerfectAlchemist19 the Changer (Naga Transmuter)    Turns: 2351, Time: 00:10:38

Health: -2/44      AC:  2    Str: 12    XL:     5   Next: 16%
Magic:  8/8        EV: 10    Int: 15    God:
Gold:   111        SH:  0    Dex: 11    Spells: 3 memorised, 2 levels left

rFire  . . .     SeeInvis +       - Unarmed
rCold  . . .     Gourm    .     b - +0 robe
rNeg   . . .     Faith    .     (no shield)
rPois  +         Spirit   .     (no helmet)
rElec  .         Reflect  .     (no cloak)
rCorr  .         Harm     .     (no gloves)
MR     .....                    (no barding)
Stlth  ++........               (no amulet)
                                (no ring)
                                (no ring)

@: lethally poisoned (-2 -> -7), appendage, very slow
A: horns 2, see invisible, deformed body, poison resistance, slowness 2, slow
metabolism 1, spit poison 1, AC +1
a: Spit Poison, End Transformation


You were on level 2 of the Dungeon.
You were not hungry.
You had grown temporary horns.
You visited 1 branch of the dungeon, and saw 2 of its levels.

You collected 111 gold pieces.

Inventory:

Hand Weapons
 t - a cursed -2 spear
Missiles
 a - 18 arrows
Armour
 b - a +0 robe (worn)
 j - a cursed +0 ring mail
Jewellery
 l - a +3 ring of protection {unknown}
 q - an uncursed ring of stealth {unknown}
Wands
 s - a wand of lightning (10/15)
Scrolls
 e - a scroll of identify {unknown}
 h - a scroll of magic mapping {unknown}
 n - a scroll of fog {unknown}
 o - a scroll of blinking {unknown}
Potions
 m - a potion of mutation {unknown}
Books
 c - a book of Changes

   Spells                             Type                      Level
   a - Beastly Appendage              Transmutation                1
   b - Sticks to Snakes               Transmutation                2
   c - Spider Form                    Transmutation/Poison         3
   d - Ice Form                       Ice/Transmutation            4
   e - Blade Hands                    Transmutation                5
Comestibles
 d - 2 bread rations
 f - a beef jerky
 k - a royal jelly
 r - 3 slices of pizza


   Skills:
 - Level 1.0 Fighting
 - Level 1.5 Dodging
 - Level 1.2 Stealth
 - Level 3.0 Unarmed Combat
 - Level 2.0 Spellcasting
 + Level 5.1 Transmutations


You had 2 spell levels left.
You knew the following spells:

 Your Spells              Type           Power        Failure   Level  Hunger
a - Beastly Appendage     Tmut           ###...       2%          1    #......
b - Sticks to Snakes      Tmut           ###.....     4%          2    ###....
c - Spider Form           Tmut/Pois      #.........   24%         3    ###....


Dungeon Overview and Level Annotations

Branches:
Dungeon (2/15)

Altars:
Ashenzari


Innate Abilities, Weirdness & Mutations

You cannot wear boots.
Your serpentine skin is tough. (AC +1)
You have supernaturally acute eyesight. (SInv)
Armour fits poorly on your strangely shaped body.
Your system is resistant to poisons. (rPois)
You cover ground very slowly.
You have a slow metabolism.
You can spit poison.
You have a pair of horns on your head.


Message History

You feel sick. The adder bites you.
* * * LOW HITPOINT WARNING * * *
You barely miss the adder.
The adder is almost dead.
The adder barely misses you.
You closely miss the adder. Your headbutt misses the adder.
The adder is almost dead.
You feel sick. The adder closely misses you. The adder bites you.
* * * LOW HITPOINT WARNING * * *
You are more poisoned.
The adder poisons you!
You closely miss the adder.
The adder is severely wounded.
The adder bites you.
* * * LOW HITPOINT WARNING * * *
It was a potion of cure mutation.
It has a very clean taste.
You feel sick. The adder bites you.
* * * LOW HITPOINT WARNING * * *
It was a potion of magic.
Magic courses through your body. The adder bites you.
You die...

####### ###### #.......##
######....# #....$...#
#....#....#
+....[...####.........#####
#........#..+..##.##.......
.........#.##.##...########
#........S@.†##.....##.....
#.#......#.#.#.......#.####
##)########.#....._.....#
#<..........###.......###
#.###.########## ##.....##
#.)...# ##...##
#####.########## ##.##
#.)........# ...#
#....).....# .###


You could see an adder.

Vanquished Creatures
  A howler monkey (D:2)
  Jessica (D:2)
  A gnoll (D:1)
  An adder (D:2)
  3 dart slugs
  3 leopard geckos (D:1)
  A giant cockroach (D:2)
  7 goblins
  6 hobgoblins
  3 jackals (D:1)
  A quokka (D:2)
  3 bats (D:2)
  2 frilled lizards (D:2)
  3 kobolds
  5 rats
41 creatures vanquished.

Vanquished Creatures (collateral kills)
  A giant cockroach (D:2)
1 creature vanquished.

Grand Total: 42 creatures vanquished

Notes
Turn   | Place    | Note
-------+----------+-------------------------------------------
     0 | D:1      | PerfectAlchemist19 the Naga Transmuter began the quest for the Orb.
     0 | D:1      | Reached XP level 1. HP: 18/18 MP: 3/3
   241 | D:1      | Reached skill level 1 in Stealth
   241 | D:1      | Reached XP level 2. HP: 6/25 MP: 3/5
   611 | D:1      | Reached skill level 3 in Transmutations
   722 | D:1      | Reached XP level 3. HP: 25/31 MP: 6/6
   848 | D:1      | Learned a level 2 spell: Sticks to Snakes
  1149 | D:1      | Learned a level 3 spell: Spider Form
  1799 | D:2      | Noticed Jessica
  1874 | D:2      | Reached skill level 4 in Transmutations
  1874 | D:2      | Reached XP level 4. HP: 37/38 MP: 0/7
  1883 | D:2      | Killed Jessica
  2035 | D:2      | Reached XP level 5. HP: 34/44 MP: 1/8
  2072 | D:2      | Reached skill level 5 in Transmutations
  2289 | D:2      | Found a shattered altar of Ashenzari.
  2351 | D:2      | Slain by an adder

Skill      XL: |  1  2  3  4  5 |
---------------+----------------+-----
Stealth        | 1 |  1.2
Transmutations | 3 4 5 |  5.1
Fighting       | |  1.0
Dodging        | |  1.5
Unarmed Combat | |  3.0
Spellcasting   | |  2.0

Action                   |  1- 3 |  4- 6 || total
-------------------------+-------+-------++-------
Melee: Unarmed           |    90 |    81 ||   171
       Headbutt          |     6 |     4 ||    10
 Cast: Beastly Appendage |    14 |     6 ||    20
       Spider Form       |     1 |       ||     1
       Sticks to Snakes  |       |     3 ||     3
  Use: Potion            |       |     2 ||     2
 Stab: Sleeping          |       |     1 ||     1
  Eat: Chunk             |     2 |     2 ||     4
Armor: Robe              |     8 |    21 ||    29
       Skin              |     1 |     1 ||     2
Dodge: Dodged            |    31 |    50 ||    81
